 Dungeon Crawl Stone Soup version 0.29.0-4-gdea44cf6ec (webtiles) character file.

Game seed: 13368524208252852476

241 qw the Chopper (level 6, 0/35 HPs)
             Began as a Tengu Warper on Aug 28, 2022.
             Slain by Edmund
             ... wielding a +2 vorpal flail
              (1 damage)
             ... on level 4 of the Dungeon.
             The game lasted 00:00:23 (3158 turns).

qw the Chopper (Tengu Warper)                       Turns: 3158, Time: 00:00:23

Health: 0/35       AC: 10    Str: 13    XL:     6   Next: 8%
Magic:  10/10      EV:  4    Int: 14    God:
Gold:   167        SH:  0    Dex: 13    Spells: 9/9 levels left

rFire   . . .      SeeInvis .   Y - +0 hand axe
rCold   . . .      Faith    .   (no shield)
rNeg    . . .      Spirit   .   e - +0 plate armour
rPois   .          Reflect  .   (helmet restricted)
rElec   .          Harm     .   (no cloak)
rCorr   .          Rampage  .   (no gloves)
Will    .....                   (boots unavailable)
Stlth   ..........              (no amulet)
HPRegen 0.11/turn               (no ring)
MPRegen 0.12/turn               (no ring)

@: flying quickly and evasively, quick
A: beak, talons 3, nimble flight
a: no special abilities


You were on level 4 of the Dungeon.
You visited 1 branch of the dungeon, and saw 4 of its levels.

You collected 167 gold pieces.


Innate Abilities, Weirdness & Mutations

You have a beak for a mouth.
You have claws for feet.
Your magical nature lets you fly swiftly and evasively.


   Skills:
 - Level 2.0 Fighting
 + Level 6.5 Axes
 - Level 1.0 Throwing
 - Level 2.0 Armour
 - Level 2.1 Dodging
 - Level 2.0 Spellcasting
 - Level 2.4 Translocations


You had 9 spell levels left.
You didn't know any spells.
Your spell library contained the following spells:

 Spells                   Type           Power      Damage    Failure   Level
 Blink                    Tloc           16%        N/A       100%        2
 Gell's Gravitas          Tloc           8%         N/A       100%        3
 Lesser Beckoning         Tloc           8%         N/A       100%        3
 Teleport Other           Tloc           8%         N/A       100%        3
 Manifold Assault         Tloc           8%         N/A       100%        5

Inventory:

Hand Weapons
 d - a +0 flail
 Y - a +0 hand axe (weapon)
Missiles
 g - 3 boomerangs (quivered)
Armour
 e - a +0 plate armour (worn)
Scrolls
 a - 3 scrolls of identify
Potions
 b - a potion of resistance {unknown}
 f - a potion of curing

Dungeon Overview and Level Annotations

Branches:
Dungeon (4/15)
 Temple: D:4-7

Altars:
Dithmenos

Annotations:
D:4 Edmund


Message History

Edmund is lightly wounded.
Edmund grinds his teeth, and then sighs.
Throw: 3 boomerangs
Press: ? - help, Q - select action Shift-Dir - straight line, f/p - Edmund You throw a boomerang.
The boomerang barely misses Edmund.
Throw: 3 boomerangs
Press: ? - help, Q - select action Shift-Dir - straight line, f/p - Edmund You throw a boomerang.
The boomerang completely misses Edmund.
You hit Edmund.
Edmund is moderately wounded.
Edmund hits you but does no damage.
You barely miss Edmund. You claw Edmund.
Edmund is moderately wounded.
Edmund hits you with a +2 vorpal flail.
You hit Edmund.
Edmund is moderately wounded.
Edmund hits you with a +2 vorpal flail.
You barely miss Edmund.
Edmund is moderately wounded.
Edmund hits you with a +2 vorpal flail.
You hit Edmund. You claw Edmund.
Edmund is heavily wounded.
Edmund hits you with a +2 vorpal flail!
3154 ||| DRINKING potion of heal wounds.
You feel much better. Edmund hits you with a +2 vorpal flail.
You barely miss Edmund. You claw Edmund. Your peck misses Edmund.
Edmund is severely wounded.
Edmund hits you but does no damage.
You hit Edmund. Your kick misses Edmund.
Edmund is severely wounded.
Edmund hits you but does no damage.
You barely miss Edmund. You peck Edmund.
Edmund is severely wounded.
You hear the quick rusting of a distant drain.
Edmund hits you with a +2 vorpal flail!
You hit Edmund. Your peck misses Edmund.
Edmund is almost dead.
Edmund hits you with a +2 vorpal flail!
You die...

#.## #........##
#..# #.........#
##.# ##........#
#.# #........#
#.## ##.......#
#..## ##......#
##..####......#
#.....###.....#
#.##....##)..@####
#..
###........@..#
#.#
##..............
#. #....##########
.# ##...# #. #...#
#...# ##... #...#


You could see Edmund.

Vanquished Creatures
  An iguana (D:4)
  Natasha (D:2)
  An orc wizard (D:3)
  Robin (D:2)
  8 adders
  4 orcs
  4 bats
  5 endoplasms
  A giant cockroach (D:3)
  16 goblins
  5 hobgoblins
  7 jackals (D:2)
  4 quokkas
  6 ball pythons
  5 frilled lizards
  4 kobolds
  8 rats
81 creatures vanquished.

Notes
Turn   | Place    | Note
-------+----------+-------------------------------------------
     0 | D:1      | qw the Tengu Warper began the quest for the Orb.
     0 | D:1      | Reached XP level 1. HP: 12/12 MP: 4/4
     0 | D:1      | 0 ||| qw: Version: 0.1-a-89-g26bdef1
     0 | D:1      | 0 ||| qw: Game counter: 3069
     0 | D:1      | 0 ||| qw: Always use a shield: true
     0 | D:1      | 0 ||| qw: God list: Okawaru
     0 | D:1      | 0 ||| qw: Allow faded altars: false
     0 | D:1      | 0 ||| qw: Do Orc after D:15 true
     0 | D:1      | 0 ||| qw: Do second Lair branch before Depths: true
     0 | D:1      | 0 ||| qw: Lair rune preference: random
     0 | D:1      | 0 ||| qw: Plans: Normal
     0 | D:1      | 0 ||| PLANNING D:1-11
   176 | D:1      | Reached skill level 3 in Axes
   176 | D:1      | Reached XP level 2. HP: 16/17 MP: 6/6
   392 | D:1      | 392 ||| Stepping ~*~*~tactically~*~*~ (stealth).
   394 | D:1      | 394 ||| Stepping ~*~*~tactically~*~*~ (stealth).
   396 | D:1      | 396 ||| Stepping ~*~*~tactically~*~*~ (stealth).
   397 | D:1      | 397 ||| Stepping ~*~*~tactically~*~*~ (stealth).
   398 | D:1      | 398 ||| Stepping ~*~*~tactically~*~*~ (stealth).
   400 | D:1      | 400 ||| Stepping ~*~*~tactically~*~*~ (stealth).
   469 | D:1      | 469 ||| Stepping ~*~*~tactically~*~*~ (stealth).
   472 | D:1      | 472 ||| Stepping ~*~*~tactically~*~*~ (stealth).
   522 | D:1      | 522 ||| UPGRADING to +0 plate armour.
   532 | D:1      | 532 ||| DROPPING +0 leather armour.
   533 | D:1      | 533 ||| READING 5 scrolls labelled XOMEIH LID PAL.
   534 | D:1      | 534 ||| READING scroll labelled ACVUAG DONNO.
   539 | D:1      | 539 ||| READING 4 scrolls of identify.
   539 | D:1      | 539 ||| IDENTIFYING metallic brown potion
   540 | D:1      | 540 ||| READING 3 scrolls of identify.
   540 | D:1      | 540 ||| IDENTIFYING bubbling emerald potion
   541 | D:1      | 541 ||| DROPPING scroll of blinking.
   542 | D:1      | 542 ||| DROPPING potion of ambrosia.
   557 | D:2      | Reached XP level 3. HP: 21/21 MP: 7/7
   566 | D:2      | Noticed Robin
   567 | D:2      | 567 ||| Stepping ~*~*~tactically~*~*~ (hiding).
   577 | D:2      | Reached skill level 4 in Axes
   584 | D:2      | Killed Robin
   589 | D:2      | 589 ||| FLEEEEING.
   590 | D:2      | 590 ||| FLEEEEING.
   591 | D:2      | 591 ||| FLEEEEING.
   593 | D:2      | 593 ||| FLEEEEING.
   594 | D:2      | 594 ||| STAIRDANCE
   771 | D:2      | 771 ||| Stepping ~*~*~tactically~*~*~ (stealth).
   775 | D:2      | 775 ||| DROPPING +0 club.
   787 | D:2      | Reached XP level 4. HP: 20/26 MP: 8/8
   908 | D:2      | 908 ||| FLEEEEING.
   909 | D:2      | 909 ||| FLEEEEING.
   910 | D:2      | 910 ||| FLEEEEING.
   911 | D:2      | 911 ||| FLEEEEING.
   912 | D:2      | 912 ||| FLEEEEING.
   913 | D:2      | 913 ||| FLEEEEING.
   914 | D:2      | 914 ||| FLEEEEING.
   915 | D:2      | 915 ||| FLEEEEING.
   916 | D:2      | 916 ||| FLEEEEING.
   917 | D:2      | 917 ||| FLEEEEING.
   918 | D:2      | 918 ||| FLEEEEING.
   919 | D:2      | 919 ||| FLEEEEING.
   920 | D:2      | 920 ||| FLEEEEING.
   921 | D:2      | 921 ||| FLEEEEING.
   922 | D:2      | 922 ||| FLEEEEING.
   923 | D:2      | 923 ||| FLEEEEING.
   924 | D:2      | 924 ||| FLEEEEING.
   925 | D:2      | 925 ||| FLEEEEING.
   926 | D:2      | 926 ||| FLEEEEING.
   927 | D:2      | 927 ||| FLEEEEING.
   928 | D:2      | 928 ||| FLEEEEING.
   929 | D:2      | 929 ||| FLEEEEING.
   930 | D:2      | 930 ||| FLEEEEING.
   931 | D:2      | 931 ||| FLEEEEING.
   932 | D:2      | 932 ||| FLEEEEING.
   933 | D:2      | 933 ||| FLEEEEING.
   934 | D:2      | 934 ||| FLEEEEING.
   935 | D:2      | 935 ||| FLEEEEING.
   938 | D:2      | 938 ||| FLEEEEING.
   939 | D:2      | 939 ||| FLEEEEING.
   940 | D:2      | 940 ||| STAIRDANCE
  1087 | D:2      | 1087 ||| Stepping ~*~*~tactically~*~*~ (stealth).
  1118 | D:2      | 1118 ||| Stepping ~*~*~tactically~*~*~ (stealth).
  1167 | D:2      | 1167 ||| Stepping ~*~*~tactically~*~*~ (stealth).
  1576 | D:2      | 1576 ||| READING scroll labelled HIUWKA ZUTEBI.
  1577 | D:2      | 1577 ||| READING scroll labelled OPRECH REHINAS.
  1701 | D:3      | Noticed Natasha
  1702 | D:3      | 1702 ||| Stepping ~*~*~tactically~*~*~ (hiding).
  1706 | D:3      | 1706 ||| STAIRDANCE
  1716 | D:2      | 1716 ||| FLEEEEING.
  1717 | D:2      | 1717 ||| FLEEEEING.
  1718 | D:2      | 1718 ||| FLEEEEING.
  1725 | D:2      | Reached skill level 5 in Axes
  1751 | D:3      | 1751 ||| STAIRDANCE
  1846 | D:3      | 1846 ||| STAIRDANCE
  1987 | D:3      | 1987 ||| STAIRDANCE
  1991 | D:2      | Killed Natasha
  1992 | D:2      | Gained mutation: Your magical nature lets you fly swiftly
                  | and evasively. [Tengu growth]
  1992 | D:2      | Reached XP level 5. HP: 22/30 MP: 9/9
  2076 | D:3      | 2076 ||| Stepping ~*~*~tactically~*~*~ (hiding).
  2186 | D:3      | Found a shadowy altar of Dithmenos.
  2350 | D:3      | 2350 ||| FLEEEEING.
  2351 | D:3      | 2351 ||| FLEEEEING.
  2352 | D:3      | 2352 ||| FLEEEEING.
  2388 | D:3      | 2388 ||| DROPPING +0 mace.
  2502 | D:3      | Reached skill level 6 in Axes
  2636 | D:3      | 2636 ||| READING 3 scrolls of identify.
  2636 | D:3      | 2636 ||| IDENTIFYING sapphire potion
  2657 | D:4      | 2657 ||| PLANNING SEWER
  2671 | D:4      | 2671 ||| STAIRDANCE
  2762 | D:4      | 2762 ||| Stepping ~*~*~tactically~*~*~ (stealth).
  2769 | D:4      | HP: 6/30 [iguana (11)]
  2770 | D:4      | 2770 ||| DRINKING potion of heal wounds.
  2780 | D:4      | Reached XP level 6. HP: 9/35 MP: 10/10
  3144 | D:4      | Noticed Edmund
  3153 | D:4      | HP: 5/35 [Edmund/+2 vorpal flail (10)]
  3153 | D:4      | HP: 2/35 [Edmund/+2 vorpal flail (3)]
  3154 | D:4      | 3154 ||| DRINKING potion of heal wounds.
  3158 | D:4      | HP: 1/35 [Edmund/+2 vorpal flail (7)]
  3158 | D:4      | Slain by Edmund

Levels and vault maps discovered:
D:1:      zaba_arrival_water, layout_rooms
D:2:      layout_basic, uniq_robin
D:3:      layout_basic, grunt_dithmenos_smoke_and_mirrors, uniq_natasha
D:4:      layout_cave_pods, minmay_temple_entry_hall, portal_sewer_entry_f,
          uniq_edmund

Skill      XL: |  1  2  3  4  5 |
---------------+----------------+-----
Axes           | 3 4 5 6 |  6.5
Armour         | 2 |  2.0
Fighting       | |  2.0
Throwing       | |  1.0
Dodging        | |  2.1
Spellcasting   | |  2.0
Translocations | |  2.4

Action                   |  1- 3 |  4- 6 || total
-------------------------+-------+-------++-------
Melee: Hand axe          |    67 |   144 ||   211
       Kick              |    20 |    35 ||    55
       Peck              |    10 |    14 ||    24
       Punch             |     1 |     1 ||     2
Throw: Boomerang         |     7 |    15 ||    22
  Use: Scroll            |     4 |     3 ||     7
       Potion            |       |     2 ||     2
Armor: Leather armour    |     7 |       ||     7
       Plate armour      |    31 |    89 ||   120
Dodge: Dodged            |    22 |    25 ||    47

Table legend:
 A = Non-vault XP
 B = Vault XP
 C = Vault XP percentage of total XP
 D = Non-vault monster count
 E = Vault monster count
 F = Vault count percentage of total count
                 A         B        C        D         E       F
            +---------+---------+-------+---------+---------+-------
      Total |     276 |      69 |  20.0 |      69 |      12 |  14.8
            +---------+---------+-------+---------+---------+-------
        D:1 |      26 |       0 |   0.0 |      16 |       0 |   0.0
        D:2 |     101 |      69 |  40.6 |      33 |      12 |  26.7
        D:3 |      80 |       0 |   0.0 |      14 |       0 |   0.0
        D:4 |      69 |       0 |   0.0 |       6 |       0 |   0.0
            +---------+---------+-------+---------+---------+-------
